 Dungeon Crawl Stone Soup version 0.20.1-1-g8b1a95d (webtiles) character file.

186 robba the Conjurer (level 5, 0/36 HPs)
             Began as a Human Conjurer on Aug 16, 2017.
             Was an Initiate of Vehumet.
             Slain by an orc wizard
             ... wielding a +0 dagger
              (6 damage)
             ... on level 3 of the Dungeon.
             The game lasted 00:17:20 (2054 turns).

robba the Conjurer (Human Conjurer)                 Turns: 2054, Time: 00:17:21

Health: 0/36       AC:  6    Str:  9    XL:     5   Next: 98%
Magic:  7/8        EV: 13    Int: 16    God:    Vehumet [......]
Gold:   109        SH:  0    Dex: 13    Spells: 2/9 levels left

rFire    . . .     SeeInvis .   g - +0 mace
rCold    . . .     Gourm    .   (no shield)
rNeg     . . .     Faith    .   a - +0 robe
rPois    .         Spirit   .   (no helmet)
rElec    .         Reflect  .   (no cloak)
rCorr    .         Harm     .   (no gloves)
MR       .....                  (no boots)
Stlth    +.........             (no amulet)
Regen    0.2/turn               m - +4 ring of protection
MPRegen  0.2/turn               (no ring)

@: confused
A: no striking features
a: Renounce Religion


You were on level 3 of the Dungeon.
You worshipped Vehumet.
Vehumet was noncommittal.
You were very hungry.

You visited 1 branch of the dungeon, and saw 3 of its levels.

You collected 109 gold pieces.

Inventory:

Hand Weapons
 g - a +0 mace (weapon)
 p - a +0 mace
Missiles
 e - 25 stones (quivered)
Armour
 a - a +0 robe (worn)
 h - a +0 leather armour
Jewellery
 m - a +4 ring of protection (left hand)
Scrolls
 f - a scroll of amnesia {unknown}
 i - 2 scrolls of teleportation
Potions
 k - a potion of brilliance {unknown}
 l - a potion of curing {unknown}
 n - a potion of degeneration {unknown}
Books
 b - a book of Conjurations

   Spells                             Type                      Level
   a - Magic Dart                     Conjuration                  1
   b - Searing Ray                    Conjuration                  2
   c - Dazzling Spray                 Conjuration/Hexes            3
   d - Fulminant Prism                Conjuration/Hexes            4
   e - Force Lance                    Conjuration/Translocation    4
   f - Iskenderun's Mystic Blast      Conjuration                  4
Comestibles
 c - 2 bread rations
 j - 2 royal jellies


   Skills:
 + Level 0.4 Fighting
 + Level 0.8 Maces & Flails
 + Level 0.8 Throwing
 + Level 2.9 Dodging
 + Level 2.4 Stealth
 + Level 2.5 Spellcasting
 + Level 5.5 Conjurations


You had 2 spell levels left.
You knew the following spells:

 Your Spells              Type           Power        Failure   Level  Hunger
a - Magic Dart            Conj           ###.         1%          1    #......
b - Searing Ray           Conj           ###...       3%          2    ##.....
c - Iskenderun's Mystic   Conj           ###.....     21%         4    #####..


Dungeon Overview and Level Annotations

Branches:
Dungeon (3/15)

Altars:
Dithmenos
Okawaru
Vehumet
Xom


Message History

Something hits you but does no damage. Something hits you but does no damage.
You hear some strange, mumbled words.
You are confused.
Something hits you.
* * * LOW HITPOINT WARNING * * *
You hear some strange, mumbled words.
A puff of flame appears from out of thin air!
The puff of flame hits you!
* * * LOW HITPOINT WARNING * * *
You hear some strange, mumbled words.
You are more confused.
Something completely misses you. Something hits you but does no damage.
You feel less wooden.
Your +0 robe unmelds from your body.
Something hits you but does no damage.
You're too confused to cast spells.
There isn't anything here!
You completely miss something. Something hits you.
You die...

.########
........#####
.........)..#
........###.#
........# #.#
........# #.#
........# #.#
†.......#
#.#######
........#
#....{@.#
........#
#.......#
........
#.......#
........
#.......#
........
#.#######
......hr #.#
........ #.#
#.# #..


There were no monsters in sight!

Vanquished Creatures
  Terence (D:2)
  Natasha (thrice) (D:2)
  A gnoll (D:1)
  3 adders (D:2)
  A worm (D:3)
  2 orcs (D:3)
  2 ball pythons
  2 giant cockroaches
  5 goblins
  4 hobgoblins
  4 jackals (D:3)
  6 bats
  A frilled lizard (D:2)
  9 kobolds
  6 rats
50 creatures vanquished.

Notes
Turn   | Place    | Note
-------+----------+-------------------------------------------
     0 | D:1      | robba the Human Conjurer began the quest for the Orb.
     0 | D:1      | Reached XP level 1. HP: 13/13 MP: 3/3
   172 | D:1      | Reached XP level 2. HP: 19/19 MP: 0/5
   428 | D:1      | Reached XP level 3. HP: 24/24 MP: 0/6
   543 | D:1      | Learned a level 2 spell: Searing Ray
   957 | D:2      | Found a radiant altar of Vehumet.
   959 | D:2      | Found a shadowy altar of Dithmenos.
   959 | D:2      | Found a shimmering altar of Xom.
   963 | D:2      | Found an iron altar of Okawaru.
   964 | D:2      | Noticed Natasha
   971 | D:2      | Killed Natasha
   971 | D:2      | Reached skill level 5 in Conjurations
   971 | D:2      | Reached XP level 4. HP: 29/30 MP: 1/7
  1011 | D:2      | Became a worshipper of Vehumet
  1251 | D:2      | Noticed Natasha
  1256 | D:2      | Killed Natasha
  1364 | D:2      | Reached XP level 5. HP: 35/35 MP: 6/8
  1370 | D:2      | Learned a level 4 spell: Iskenderun's Mystic Blast
  1398 | D:2      | Noticed Natasha
  1406 | D:2      | Killed Natasha
  1493 | D:2      | Noticed Terence
  1509 | D:2      | Killed Terence
  2054 | D:3      | Slain by an orc wizard

Skill      XL: |  1  2  3 |
---------------+----------+-----
Conjurations   | 5 |  5.5
Fighting       | |  0.4
Maces & Flails | |  0.8
Throwing       | |  0.8
Dodging        | |  2.9
Stealth        | |  2.4
Spellcasting   | |  2.5

Action                   |  1- 3 |  4- 6 || total
-------------------------+-------+-------++-------
Melee: Mace              |    16 |    26 ||    42
Throw: Stone             |     9 |     8 ||    17
 Cast: Magic Dart        |    29 |    32 ||    61
       Searing Ray       |     1 |     8 ||     9
       Iskenderun's Myst |       |     2 ||     2
  Use: Scroll            |     1 |     1 ||     2
       Potion            |       |     1 ||     1
  Eat: Bread ration      |     1 |       ||     1
Armor: Robe              |     2 |    17 ||    19
       Skin              |       |    29 ||    29
Dodge: Dodged            |    16 |    35 ||    51
